 Dungeon Crawl Stone Soup version 0.29.1-14-g9c671dbff4 (webtiles) character file.

Game seed: 4945656091278875570

84 FexLirch the Cudgeller (level 4, -2/35 HPs)
             Began as a Formicid Abyssal Knight on Feb 21, 2023.
             Was a Priest of Lugonu.
             Slain by Terence
             ... wielding a +0 flail
              (5 damage)
             ... on level 2 of the Dungeon.
             The game lasted 00:04:49 (1723 turns).

FexLirch the Cudgeller (Formicid Abyssal Knight)    Turns: 1723, Time: 00:04:49

Health: -2/35      AC:  3    Str: 20    XL:     4   Next: 74%
Magic:  1/5        EV: 11    Int:  9    God:    Lugonu [***...]
Gold:   110        SH:  0    Dex: 14    Spells: 3/3 levels left

rFire   . . .      SeeInvis +   a - +1 mace
rCold   . . .      Faith    .   (no shield)
rNeg    . . .      Spirit   .   b - +0 leather armour
rPois   .          Reflect  .   (helmet unavailable)
rElec   .          Harm     .   (no cloak)
rCorr   .          Rampage  .   (no gloves)
Will    .....                   (no boots)
Stlth   +.........              (no amulet)
HPRegen 0.11/turn               (no ring)
MPRegen 0.09/turn               (no ring)

@: no status effects
A: permanent stasis, dig shafts and tunnels, antennae 3, four strong arms
a: Dig, Shaft Self, Renounce Religion, Depart the Abyss, Bend Space, Banish


You were on level 2 of the Dungeon.
You worshipped Lugonu.
Lugonu was most pleased with you.
You visited 1 branch of the dungeon, and saw 2 of its levels.
You visited the Abyss 1 time.

You collected 110 gold pieces.

Inventory:

Hand Weapons
 a - a +1 mace (weapon)
 c - a +0 sling
Armour
 b - a +0 leather armour (worn)
Scrolls
 d - a scroll of identify
 f - a scroll of teleportation {unknown}
 j - a scroll of torment {unknown}
 k - a scroll of enchant armour {unknown}
 l - a scroll of enchant weapon {unknown}
 n - a scroll of blinking {unknown}
Potions
 e - a potion of attraction {unknown}
 h - a potion of flight {unknown}
 i - a potion of heal wounds {unknown}
 m - a potion of mutation {unknown}


   Skills:
 - Level 3.4 Fighting
 * Level 4.0 Maces & Flails
 - Level 2.4 Armour
 - Level 1.1 Dodging
 + Level 2.5 Invocations


You had 3 spell levels left.
You didn't know any spells.
Your spell library contained the following spells:

 Spells                   Type           Power      Damage    Failure   Level
 Gell's Gravitas          Tloc           0%         N/A       80%         3
 Teleport Other           Tloc           0%         N/A       80%         3
 Dispersal                Tloc           0%         N/A       100%        6


Dungeon Overview and Level Annotations

Branches:
Dungeon (2/15)

Altars:

Annotations:
D:2 Terence


Innate Abilities, Weirdness & Mutations

You cannot be hasted, slowed, berserked, paralysed or teleported.
You can dig through walls and to a lower floor.
You have a pair of large antennae on your head. (SInv)
Your four strong arms can wield two-handed weapons with a shield.


Message History

You hit the endoplasm.
You kill the endoplasm!
Lugonu accepts your kill. Terence hits you with a +0 flail.
You barely miss Terence.
Terence zaps a wand.
The roots erupt in riotous growth!
The grasping roots grab you!
Terence is unaffected.
The grasping roots constrict you.
You barely miss Terence. Terence hits you but does no damage.
The grasping roots constrict you.
The grasping roots release their grip on you.
You barely miss Terence. Terence hits you with a +0 flail!
* * * LOW HITPOINT WARNING * * *
Terence closely misses you.
You feel better. Terence hits you with a +0 flail!
* * * LOW HITPOINT WARNING * * *
You hit Terence.
Terence is lightly wounded.
Terence barely misses you.
You hit Terence but do no damage.
Terence is lightly wounded.
Terence misses you.
Terence asks, "Do you want it fast or slow?"
Terence zaps a wand.
The roots erupt in riotous growth!
The grasping roots grab you!
Terence is unaffected.
The now-empty wand crumbles to dust.
The grasping roots constrict you.
* * * LOW HITPOINT WARNING * * *
You escape the roots grasp.
Press: ? - help, Shift-Dir - straight line, f - Terence
Aim: Terence, wielding a +0 flail and wearing a +0 ring mail (lightly wounded, chance to affect: 86%) Terence barely resists.
Terence completely misses you.
You don't have enough magic at the moment.
Unknown command.
Unknown command.
Are you sure you want to shaft yourself?
Terence closely misses you.
You begin to dig a shaft.
You continue digging a shaft.
Terence hits you with a +0 flail.
You die...

###...###...#...#~≈#...#..#
###.......≈###≈≈≈≈###J..#
#####.#..≈≈≈≈≈≈≈≈≈~@..#
#.#..~~~≈≈≈≈≈≈≈...#
#.#.~###≈≈≈≈###~..#
#.#.#...#~~#..J#.##
#.#.#.⌠.#..#.⌠.#.#
#.#.#...#.†#..)#.#
#.#..###@@).###..#
#................#
##......########## ########


You could see Terence.

Vanquished Creatures
  3 adders (D:2)
  A worm (D:2)
  A dart slug (D:2)
  3 ball pythons
  8 endoplasms
  3 giant cockroaches
  4 goblins
  4 hobgoblins
  3 jackals (D:1)
  7 bats
  A frilled lizard (D:2)
  4 kobolds
  5 rats
47 creatures vanquished.

Notes
Turn   | Place    | Note
-------+----------+-------------------------------------------
     0 | Abyss:1  | FexLirch the Formicid Abyssal Knight began the quest for
                  | the Orb.
     0 | Abyss:1  | Reached XP level 1. HP: 18/18 MP: 2/2
    57 | Abyss:1  | Noticed a small abomination
    58 | D:1      | Escaped the Abyss
    77 | D:1      | Noticed a snapping turtle
    77 | D:1      | Noticed a swamp worm
    77 | D:1      | Noticed a hog
    77 | D:1      | Noticed a polar bear
   144 | D:1      | Reached skill level 1 in Dodging
   156 | D:1      | Reached ** piety under Lugonu
   188 | D:1      | Reached XP level 2. HP: 8/24 MP: 3/3
   659 | D:1      | Reached XP level 3. HP: 29/29 MP: 4/4
   801 | D:1      | Reached skill level 3 in Maces & Flails
  1124 | D:2      | Reached XP level 4. HP: 33/35 MP: 5/5
  1258 | D:2      | Reached *** piety under Lugonu
  1589 | D:2      | Reached skill level 4 in Maces & Flails
  1696 | D:2      | Noticed Terence
  1723 | D:2      | Slain by Terence

Illustrated notes

Levels and vault maps discovered:
D:1:      onia_arrival_zoo_common, layout_basic, st_stairs_9
D:2:      layout_rooms, fountainhead, ebering_dispersal_statue_hall,
          minmay_misc_feat_encased, uniq_crazy_yiuf_cottage, uniq_terence

Skill      XL: |  1  2  3  4 |
---------------+-------------+-----
Dodging        | 1 |  1.1
Maces & Flails | 3 4 |  4.0
Fighting       | |  3.4
Armour         | |  2.4
Invocations    | |  2.5

Action                   |  1- 3 |  4- 6 || total
-------------------------+-------+-------++-------
Melee: Mace              |    32 |    26 ||    58
       Punch             |     1 |       ||     1
 Fire: Sling             |    51 |    15 ||    66
Invok: Depart the Abyss  |     1 |       ||     1
       Banish            |       |     1 ||     1
 Abil: Dig               |     1 |     2 ||     3
       Shaft Self        |       |     1 ||     1
  Use: Scroll            |     1 |       ||     1
       Potion            |       |     1 ||     1
Armor: Leather armour    |    11 |    12 ||    23
Dodge: Dodged            |    27 |    17 ||    44
